 Dungeon Crawl Stone Soup version 0.28-b1-25-g9875b3fc8c (webtiles) character file.

Game seed: 13589663652619716788

821 tilp the Cleaver (level 7, -8/66 HPs)
             Began as a Hill Orc Delver on Feb 6, 2022.
             Mangled by a wyvern skeleton (10 damage)
             ... on level 6 of the Dungeon.
             The game lasted 00:06:09 (3511 turns).

tilp the Cleaver (Hill Orc Delver)                  Turns: 3511, Time: 00:06:09

Health: -8/66      AC: 10    Str: 15 (17) XL:     7   Next: 95%
Magic:  7/7        EV:  7    Int:  9 (10) God:
Gold:   61         SH:  0    Dex:  9 (12) Spells: 6/6 levels left

rFire   . . .      SeeInvis .   a - +0 hand axe
rCold   . . .      Faith    .   (no shield)
rNeg    . . .      Spirit   .   d - +1 chain mail
rPois   .          Reflect  .   (no helmet)
rElec   .          Harm     .   (no cloak)
rCorr   .          Rampage  .   (no gloves)
Will    .....                   (no boots)
Stlth   ..........              (no amulet)
HPRegen 0.21/turn               (no ring)
MPRegen 0.10/turn               (no ring)

@: flying
A: no striking features
a: no special abilities


You were on level 6 of the Dungeon.
You visited 1 branch of the dungeon, and saw 6 of its levels.

You collected 61 gold pieces.

Inventory:

Hand Weapons
 a - a +0 hand axe (weapon)
 k - a +2 whip of flaming
Missiles
 h - 136 stones
 l - 6 silver boomerangs
 p - 6 poisoned darts (quivered)
Armour
 d - a +1 chain mail (worn)
Jewellery
 i - an amulet of faith
Wands
 g - a wand of digging (2)
Scrolls
 b - a scroll of teleportation
 c - 2 scrolls of fog
 e - a scroll of fear
 m - a scroll of identify
Potions
 f - 3 potions of haste


   Skills:
 + Level 7.4 Fighting
 * Level 10.7 Axes
 - Level 4.0 Throwing
 - Level 4.5 Armour
 - Level 4.0 Dodging
 - Level 4.1 Stealth
 - Level 4.0 Evocations


You had 6 spell levels left.
You didn't know any spells.
Your spell library was empty.

Dungeon Overview and Level Annotations

Branches:
Dungeon (6/15)             Temple (0/1) D:4

Altars:

Shops:
D:1 =


Message History

You hit the wyvern skeleton.
The wyvern skeleton is lightly damaged.
The wyvern skeleton bites you!
* * * LOW HITPOINT WARNING * * *
You hit the wyvern skeleton.
The wyvern skeleton is moderately damaged.
The wyvern skeleton bites you.
* * * LOW HITPOINT WARNING * * *
Unknown command.
It was a potion of flight.
You feel very buoyant.
You fly up into the air.
The wyvern skeleton bites you.
* * * LOW HITPOINT WARNING * * *
Unknown command.
It was a potion of degeneration.
There was something very wrong with that liquid.
You feel weakened.
You feel dopey.
You feel clumsy. The wyvern skeleton barely misses you.
The wyvern skeleton bites you but does no damage.
Unknown command.
It was a potion of curing.
You feel better. The wyvern skeleton barely misses you.
Unknown command.
You hit the wyvern skeleton.
The wyvern skeleton is moderately damaged.
The wyvern skeleton bites you!
* * * LOW HITPOINT WARNING * * *
You hit the wyvern skeleton.
The wyvern skeleton is heavily damaged.
The wyvern skeleton bites you but does no damage.
You hit the wyvern skeleton but do no damage.
The wyvern skeleton is heavily damaged.
The wyvern skeleton barely misses you.
You hit the wyvern skeleton.
The wyvern skeleton is severely damaged.
The wyvern skeleton barely misses you.
You barely miss the wyvern skeleton.
The wyvern skeleton is severely damaged.
The wyvern skeleton bites you!
You die...

############
#######...........
#.......##########
#<####### #.# #.#
#@# #Z# #.# #.#
*******#.#***
*********
*,,,,,,...,,*
*,,,,,,,***
*,****,###*,*
*,*****,,,,
*,,,,,,,,,,,* *,*
*****
*,,,,,,,,,,,* *,*
*,


You could see a wyvern skeleton.

Vanquished Creatures
  Pikel (D:6)
  A scorpion (D:6)
  A wight (D:6)
  A hound (D:6)
  Terence (D:2)
  A howler monkey zombie (D:6)
  2 adders (D:2)
  A howler monkey skeleton (D:4)
  2 ufetubi (D:6)
  3 worms (D:2)
  3 dart slugs
  8 ball pythons
  7 endoplasms
  2 goblins
  A hobgoblin (D:1)
  2 quokkas (D:2)
  2 bats (D:2)
  2 frilled lizards
  2 kobolds
  2 rats (D:2)
45 creatures vanquished.

Notes
Turn   | Place    | Note
-------+----------+-------------------------------------------
     0 | D:5      | tilp the Hill Orc Delver began the quest for the Orb.
     0 | D:5      | Reached XP level 1. HP: 19/19 MP: 1/1
    58 | D:5      | Noticed a centaur
    64 | D:4      | Reached skill level 3 in Axes
   538 | D:4      | Reached XP level 2. HP: 15/27 MP: 2/2
   762 | D:1      | Found Uhobah's Jewellery Emporium.
   827 | D:1      | Reached skill level 4 in Axes
   892 | D:1      | Reached XP level 3. HP: 23/33 MP: 3/3
  1001 | D:1      | Found a faded altar of an unknown god.
  2212 | D:2      | Reached skill level 5 in Axes
  2281 | D:2      | Reached XP level 4. HP: 40/40 MP: 4/4
  2772 | D:2      | Noticed Terence
  2786 | D:2      | Killed Terence
  2901 | D:2      | Reached skill level 6 in Axes
  3229 | D:2      | Reached skill level 9 in Axes
  3229 | D:2      | Reached XP level 5. HP: 51/51 MP: 5/5
  3295 | D:3      | You fall into a shaft and drop 3 floors!
  3297 | D:6      | Noticed a lemure
  3297 | D:6      | Noticed Pikel
  3301 | D:6      | Noticed a lemure
  3305 | D:6      | Noticed a lemure
  3309 | D:6      | Noticed a lemure
  3318 | D:6      | Killed Pikel
  3319 | D:6      | Reached skill level 10 in Axes
  3319 | D:6      | Reached XP level 6. HP: 26/60 MP: 6/6
  3319 | D:6      | Reached XP level 7. HP: 29/66 MP: 7/7
  3368 | D:6      | HP: 3/64 [wight (5)]
  3504 | D:6      | HP: 2/66 [wyvern skeleton (2)]
  3511 | D:6      | Mangled by a wyvern skeleton

Illustrated notes

Levels and vault maps discovered:
D:1:      dpeg_arrival_snail, layout_basic, hellmonk_ecumenical_altar_run_dry,
          serial_shops, shop
D:2:      minmay_skewed_foursquare, layout_loops_corners, uniq_terence
D:3:      layout_basic, mainiacjoe_overflow_chevrons,
          mainiacjoe_overflow_big_doors
D:4:      layout_basic, minmay_temple_entry_tees, st_stairs_4
D:5:      layout_loops_cross, worldfamousw_hep_ancestral_shrine,
          mainiacjoe_overflow_alcove_2, lemuel_flamethrower_2
D:6:      layout_loops_ring, portal_sewer_entry_a, uniq_pikel

Skill      XL: |  1  2  3  4  5 |
---------------+----------------+-----
Axes           | 3 4 5 9 10 | 10.7
Fighting       | 4 6 7 |  7.4
Throwing       | 3 4 |  4.0
Armour         | 4 |  4.5
Dodging        | 3 4 |  4.0
Evocations     | 3 4 |  4.0
Stealth        | |  4.1

Action                   |  1- 3 |  4- 6 |  7- 9 || total
-------------------------+-------+-------+-------++-------
Melee: Hand axe          |    80 |    77 |    54 ||   211
       Punch             |       |     1 |     1 ||     2
Throw: Dart              |       |     4 |       ||     4
Evoke: Wand              |     1 |       |       ||     1
  Use: Scroll            |     6 |     2 |     2 ||    10
       Potion            |       |     2 |     5 ||     7
 Stab: Sleeping          |     1 |       |       ||     1
Armor: Leather armour    |     1 |       |       ||     1
       Chain mail        |    33 |    36 |    32 ||   101
Dodge: Dodged            |    18 |    17 |    16 ||    51
